 Dungeon Crawl Stone Soup version 0.22-a0-247-gbddf880757 (webtiles) character file.

1729 Peterchen the Cleaver (level 8, -7/96 HPs)
             Began as a Minotaur Berserker on Feb 24, 2018.
             Was an Elder of Trog.
             Killed by divine providence
             ... invoked by an orc priest
              (12 damage)
             ... on level 7 of the Dungeon.
             The game lasted 00:15:07 (5297 turns).

Peterchen the Cleaver (Minotaur Berserker)          Turns: 5297, Time: 00:15:08

Health: -7/96      AC: 12    Str: 29    XL:     8   Next: 76%
Magic:  7/7        EV:  5    Int:  4    God:    Trog [****..]
Gold:   328        SH: 11    Dex: 10    Spells: 7/7 levels left

rFire    . . .     SeeInvis +   w - +0 hand axe (flame)
rCold    . . .     Gourm    .   s - +0 shield
rNeg     . . .     Faith    .   f - +0 plate armour
rPois    .         Spirit   .   (helmet restricted)
rElec    .         Reflect  +   (no cloak)
rCorr    .         Harm     .   (no gloves)
MR       .....                  y - +0 pair of boots
Stlth    ..........             n - +3 amulet of reflection
HPRegen  0.26/turn              g - ring of stealth
MPRegen  0.10/turn              u - ring of see invisible

@: berserking (expiring), very quick
A: retaliatory headbutt, horns 2
a: Berserk, Trog's Hand, Brothers in Arms, Renounce Religion


You were on level 7 of the Dungeon.
You worshipped Trog.
Trog was greatly pleased with you.
You were very hungry.

You visited 1 branch of the dungeon, and saw 7 of its levels.
You also visited: Sewer.

You collected 328 gold pieces.

Inventory:

Hand Weapons
 w - a +0 hand axe of flaming (weapon)
Missiles
 z - 10 tomahawks (quivered)
Armour
 f - a +0 plate armour (worn)
 s - a +0 shield (worn)
 y - a +0 pair of boots (worn)
Jewellery
 g - a ring of stealth (left hand)
 n - a +3 amulet of reflection (around neck)
 u - a ring of see invisible (right hand)
 D - a cursed ring of loudness {unknown}
Wands
 v - a wand of polymorph (30)
 A - a wand of scattershot (5)
 C - a wand of disintegration (14)
Scrolls
 a - 3 scrolls of teleportation
 b - 5 scrolls of enchant weapon
 h - 6 scrolls of remove curse
 j - a scroll of noise
 m - a scroll of immolation
 p - a scroll of fog
 t - 4 scrolls of amnesia
 x - 2 scrolls of random uselessness {unknown}
 B - a scroll of fear {unknown}
Potions
 d - a potion of curing
 e - a potion of agility {unknown}
 i - 2 potions of haste
 k - 3 potions of magic
 l - 5 potions of cancellation
 o - a potion of lignification {unknown}
 q - 2 potions of berserk rage
 r - 2 potions of brilliance {unknown}
 E - a potion of flight {unknown}
 G - 2 potions of heal wounds {unknown}
 H - a potion of might
 I - a potion of ambrosia {unknown}
Comestibles
 c - 13 rations
 F - 3 chunks of flesh


   Skills:
 - Level 3.6 Fighting
 * Level 13.3 Axes
 - Level 2.4 Armour
 - Level 2.1 Dodging


You had 7 spell levels left.
You didn't know any spells.

Dungeon Overview and Level Annotations

Branches:
Dungeon (7/15)             Temple (0/1) D:5

Altars:
Cheibriados
Trog


Innate Abilities, Weirdness & Mutations

You reflexively headbutt those who attack you in melee.
You have a pair of horns on your head.


Message History

You feel yourself moving faster!
You feel mighty!
You are feeling very hungry.
The orc priest mumbles some strange prayers to Beogh against you.
Beogh smites you!
* * * LOW HITPOINT WARNING * * *
The orc warrior barely misses you.
You are too berserk!
You slice the orc warrior!! You burn the orc warrior!
You kill the orc warrior!
Trog accepts your kill.
The orc priest hits you but does no damage.
Things that are here:
a battleaxe; 6 tomahawks; a plate armour You slash the orc priest!
You burn the orc priest.
You kill the orc priest!
Trog accepts your kill. You block the orc priest's attack.
The orc priest calls down the wrath of Beogh upon you.
Beogh smites you!
You die...

#.^..........#
#.##########.# #.#
#.# #.#
#####.########
#...#>........
#.######...#.#####...
#.oo@))....#...###...
########...#.........
#....#.........
#....#.#......#
###....#'#......#
.................#
#.................#
#.................#
#####....#+#......#


You could see 2 orc priests.

Vanquished Creatures
  Sigmund (D:6)
  Edmund (D:5)
  2 ice beasts
  2 orc warriors
  Purgy (Sewer)
  An ogre (D:5)
  Dowan (D:7)
  A crimson imp (D:6)
  2 hounds
  A jelly (D:7)
  3 orc priests
  2 orc wizards
  A centaur skeleton (D:7)
  Jessica (D:2)
  2 iguanas
  Ijyb (D:5)
  5 worker ants
  2 hound skeletons
  A worker ant zombie (D:7)
  Robin (D:4)
  4 gnolls (D:4)
  11 adders
  A worm (D:4)
  A dart slug (D:1)
  3 leopard geckos
  17 orcs
  6 giant cockroaches
  17 goblins
  11 hobgoblins
  6 jackals
  A quokka (D:3)
  2 ball pythons
  7 bats
  7 frilled lizards
  13 kobolds
  A leopard gecko skeleton (D:6)
  9 rats
149 creatures vanquished.

Notes
Turn   | Place    | Note
-------+----------+-------------------------------------------
     0 | D:1      | Peterchen the Minotaur Berserker began the quest for the Orb.
     0 | D:1      | Reached XP level 1. HP: 19/19 MP: 0/0
   134 | D:1      | Reached skill level 4 in Axes
   168 | D:1      | Reached XP level 2. HP: 23/26 MP: 1/1
   780 | D:2      | Reached skill level 5 in Axes
   831 | D:2      | Reached XP level 3. HP: 21/31 MP: 2/2
   867 | D:2      | Reached ** piety under Trog
  1075 | D:2      | Reached skill level 6 in Axes
  1075 | D:2      | Reached XP level 4. HP: 39/39 MP: 3/3
  1114 | D:2      | Noticed Jessica
  1120 | D:2      | Killed Jessica
  1672 | D:3      | Reached XP level 5. HP: 44/45 MP: 4/4
  1796 | D:3      | Reached skill level 7 in Axes
  1807 | D:3      | Found a snail-covered altar of Cheibriados.
  2039 | D:3      | Found a bloodstained altar of Trog.
  2097 | D:3      | Reached *** piety under Trog
  2605 | D:4      | Reached skill level 8 in Axes
  2635 | D:4      | Noticed Robin
  2638 | D:4      | Reached XP level 6. HP: 51/51 MP: 5/5
  2646 | D:4      | Killed Robin
  2828 | D:4      | Reached **** piety under Trog
  2858 | D:4      | Found a glowing drain.
  2865 | Sewer    | Entered a sewer
  2878 | Sewer    | Noticed Purgy
  2882 | Sewer    | Killed Purgy
  2882 | Sewer    | Reached skill level 9 in Axes
  3096 | D:4      | You fall through a shaft!
  3096 | D:5      | Entered Level 5 of the Dungeon
  3164 | D:5      | Reached XP level 7. HP: 57/57 MP: 6/6
  3225 | D:5      | Found a staircase to the Ecumenical Temple.
  3245 | D:5      | Reached skill level 10 in Axes
  3742 | D:5      | Noticed Edmund
  3763 | D:5      | Killed Edmund
  3875 | D:5      | Noticed Ijyb
  3886 | D:5      | Killed Ijyb
  4235 | D:6      | Reached skill level 11 in Axes
  4251 | D:6      | HP: 2/57 [orc warrior/war axe (12)]
  4266 | D:6      | Reached XP level 8. HP: 4/64 MP: 7/7
  4577 | D:6      | Got a steaming ring mail
  4588 | D:6      | Identified the +4 ring mail of Inaction {Int+5} (You found it on level 6 of the Dungeon)
  4751 | D:6      | Reached skill level 12 in Axes
  4764 | D:6      | Noticed Sigmund
  4775 | D:6      | Killed Sigmund
  5194 | D:7      | Noticed Dowan
  5210 | D:7      | Killed Dowan
  5234 | D:7      | Reached skill level 13 in Axes
  5297 | D:7      | Killed from afar by an orc priest

Vault maps used:
D:1:      minmay_arrival_four_circles
D:2:      uniq_jessica
D:3:      lemuel_doored_altar, trog_hazing_becter
D:4:      gup_sewer_entry_bubbles, uniq_robin
D:5:      temple_statues, first_ration, uniq_ijyb, uniq_edmund
D:6:      uniq_sigmund
D:7:      grunt_livestock, uniq_duvessa
Sewer:    kennysheep_door_sewer

Skill      XL: |  1  2  3  4  5  6  7  8 |
---------------+-------------------------+-----
Axes           | 4 5 6 8 9 11 13 | 13.3
Fighting       | |  3.6
Armour         | |  2.4
Dodging        | |  2.1

Action                   |  1- 3 |  4- 6 |  7- 9 || total
-------------------------+-------+-------+-------++-------
Melee: Hand axe          |    70 |   207 |   173 ||   450
       Headbutt          |    10 |    17 |    30 ||    57
       Unarmed           |       |     1 |       ||     1
Throw: Tomahawk          |       |       |     1 ||     1
Invok: Berserk           |       |     3 |     2 ||     5
       Brothers in Arms  |       |       |     1 ||     1
Evoke: Wand              |       |       |     1 ||     1
  Use: Scroll            |     1 |    10 |     1 ||    12
       Potion            |       |       |     2 ||     2
  Eat: Chunk             |       |    10 |     8 ||    18
Armor: Plate armour      |    63 |   107 |    67 ||   237
Dodge: Dodged            |    25 |    64 |    22 ||   111
Block: Other             |       |     7 |       ||     7
       Shield            |       |    54 |    52 ||   106
       Reflection        |       |     2 |     4 ||     6

Table legend:
 A = Spawn XP
 B = Non-spawn XP
 C = Spawn XP percentage of total XP
 D = Spawn monster count
 E = Non-spawn monster count
 F = Spawn count percentage of total count
 G = Total turns spent on level
                    A         B        C        D         E        F      G
               +---------+---------+-------+---------+---------+-------+---------
         Total |       0 |    2470 |   0.0 |       0 |     149 |   0.0 |  5297
               +---------+---------+-------+---------+---------+-------+---------
           D:1 |       0 |      33 |   0.0 |       0 |      19 |   0.0 |   777
           D:2 |       0 |     121 |   0.0 |       0 |      16 |   0.0 |   586
           D:3 |       0 |      81 |   0.0 |       0 |      32 |   0.0 |   934
           D:4 |       0 |     243 |   0.0 |       0 |      38 |   0.0 |   777
           D:5 |       0 |     602 |   0.0 |       0 |      10 |   0.0 |   878
           D:6 |       0 |     763 |   0.0 |       0 |      17 |   0.0 |   937
           D:7 |       0 |     493 |   0.0 |       0 |      11 |   0.0 |   246
         Sewer |       0 |     134 |   0.0 |       0 |       6 |   0.0 |   162
               +---------+---------+-------+---------+---------+-------+---------
